 Dungeon Sprint DCSS version 0.23.2-33-g5129a83184 (webtiles) character file.

Game seed: 13446432043120906766

9566 Groucho the Spry (level 11, -3/54 HPs)
             Began as a Spriggan Enchanter on July 17, 2019.
             Was the Champion of Wu Jian.
             Slain by a minotaur (4 damage)
             ... in the Dungeon (Sprint VII: "The Pits").
             The game lasted 00:26:07 (5870 turns).

Groucho the Spry (Spriggan Enchanter)               Turns: 5870, Time: 00:26:08

Health: -3/54      AC:  2    Str:  7    XL:     11   Next: 24%
Magic:  14/26      EV: 37    Int: 19    God:    Wu Jian [******]
Gold:   42         SH:  0    Dex: 21    Spells: 18/30 levels left

rFire    . . .     SeeInvis +   e - +1 dagger (venom)
rCold    . . .     Gourm    .   (shield restricted)
rNeg     . . .     Faith    .   b - +0 robe
rPois    .         Spirit   .   (helmet restricted)
rElec    .         Reflect  .   (no cloak)
rCorr    .         Harm     .   (gloves unavailable)
MR       +....     NoTele   +   (boots unavailable)
Stlth    ++++++++..             (no amulet)
HPRegen  0.18/turn              q - +3 ring of intelligence
MPRegen  0.20/turn              r - +3 ring of strength

@: exhausted, very quick
A: very small, unfitting armour, see invisible, herbivore, speed 3, slow
metabolism 2
a: Wall Jump, Serpent's Lash, Heavenly Storm, Renounce Religion


You were in the Dungeon.
You worshipped Wu Jian.
Wu Jian was exalted by your worship.
You were not hungry.

You visited 1 branch You collected 42 gold pieces.

Inventory:

Hand Weapons
 c - a +2 dagger
 e - a +1 dagger of venom (weapon)
 p - a +5 short sword of freezing
 t - a +2 rapier of draining
Missiles
 n - 13 stones (quivered)
Armour
 b - a +0 robe (worn)
Jewellery
 q - a +3 ring of intelligence (left hand)
 r - a +3 ring of strength (right hand)
 y - an uncursed ring of positive energy
Scrolls
 j - 3 scrolls of blinking
 k - 4 scrolls of remove curse
 l - 5 scrolls of amnesia
 m - a scroll of summoning
 u - 2 scrolls of fear
 v - 3 scrolls of identify
Potions
 a - 2 potions of invisibility
 f - 15 potions of heal wounds
 g - 2 potions of haste
 h - 4 potions of magic
 i - 6 potions of berserk rage
 o - 5 potions of curing
 s - 4 potions of agility
 w - 3 potions of might
 z - a potion of flight
 A - 2 potions of brilliance
Miscellaneous
 x - a phantom mirror
Comestibles
 d - 8 rations


   Skills:
 + Level 4.8 Fighting
 - Level 12.1 Short Blades
 * Level 20.0 Dodging
 * Level 19.9 Stealth
 - Level 10.0 Spellcasting
 - Level 14.0 Hexes


You had 18 spell levels left.
You knew the following spells:

 Your Spells              Type           Power        Failure   Level  Hunger
a - Corona                Hex            ######.      1%          1    None
b - Ensorcelled Hibernat  Hex/Ice        #####.       1%          2    None
c - Confuse               Hex            ######..     1%          3    None
d - Dazzling Spray        Conj/Hex       #####.       1%          3    None
e - Tukima's Dance        Hex            ######..     1%          3    None

Your spell library contained the following spells:

 Spells                   Type           Power        Failure   Level  Hunger
 Sting                    Conj/Pois      #...         8%          1    None
 Poisonous Vapours        Pois/Air       #.....       11%         2    None
 Mephitic Cloud           Conj/Pois/Air  #.......     22%         3    None
 Olgreb's Toxic Radiance  Pois           #.......     58%         4    ##.....
 Venom Bolt               Conj/Pois      #.........   90%         5    #####..


Dungeon Overview and Level Annotations

Branches:
Dungeon (1/1)

Altars:
Ashenzari
Cheibriados
Dithmenos
Elyvilon
Fedhas
Gozag
Hepliaklqana
Kikubaaqudgha
Makhleb
Nemelex Xobeh
Okawaru
Qazlal
Ru
Sif Muna
Trog
Uskayaw
Vehumet
Wu Jian
Xom
Yredelemnul
Zin
The Shining One
Beogh
Jiyva
Lugonu


Innate Abilities, Weirdness & Mutations

You are very small and have problems with some larger weapons.
You are too small for most types of armour.
You have supernaturally acute eyesight. (SInv)
You are a herbivore.
You cover ground extremely quickly.
You need to consume almost no food.


Message History

You hit the minotaur but do no damage.
The minotaur is poisoned.
You hit the minotaur but do no damage.
The minotaur looks as sick as possible!
You spin and attack the minotaur.
You closely miss the minotaur.
The minotaur is lightly wounded.
The minotaur barely misses you. The minotaur gores you!!
Press: ? - help, v - describe, . - travel The floor, spattered with blood.
You spin and attack the minotaur.
You hit the minotaur but do no damage.
The minotaur looks as sick as possible!
The minotaur is lightly wounded.
You spin and attack the minotaur repeatedly.
You hit the minotaur but do no damage.
The minotaur is lightly wounded.
You hit the minotaur but do no damage.
The minotaur looks as sick as possible!
The minotaur is lightly wounded.
The minotaur hits you!!
Ouch! That really hurt!
* * * LOW HITPOINT WARNING * * *
The minotaur gores you.
You die...

.........##.+d2# ##..#
###########.#pc+ #..#
###########.+3s# #..#
.....##..##.# +# #..#
.....##..##.. #.%# .....''..####
#..# .....''..##########..#
.....##.......)......#
.....##......(..@H...#
###################### # ########
##### ############# #
##......###...####..'.....'.)##
###..#)#.........##...##.).##...#
##..##.##.....#...#..##.....##=.#
##÷##...##...###..#.##†......##[#
####.....##.##.##.###.........###
.##.)....#...#.#...#...........##


You could see a minotaur (pinned).

Vanquished Creatures
  A flayed ghost (D)
  An unseen horror (D)
  An orc knight (D)
  2 manticores (D)
  2 elephants (D)
  A black mamba (D)
  A guardian serpent (D)
  A molten gargoyle (D)
  An eye of devastation (D)
  A komodo dragon (D)
  2 kobold demonologists (D)
  A freezing wraith (D)
  A guardian mummy (D)
  A red devil (D)
  2 jumping spiders (D)
  A polar bear (D)
  A bog body (D)
  2 snapping turtles (D)
  A redback (D)
  A shadow (D)
  4 yaks (D)
  2 fire bats (D)
  A steam dragon (D)
  A warg (D)
  A soldier ant (D)
  Menkaure (D)
  A water moccasin (D)
  2 floating eyes (D)
  An orc warrior (D)
  A swamp drake (D)
  An ice beast (D)
  3 wolves (D)
  A big kobold (D)
  A gnoll sergeant (D)
  A wight (D)
  A quasit (D)
  An orc priest (D)
  An iron imp (D)
  An orc wizard (D)
  A worker ant (D)
  A hell rat (D)
  5 gnolls (D)
  2 adders (D)
  A river rat (D)
  2 adder skeletons (D)
  An adder zombie (D)
  2 leopard geckos (D)
  11 orcs (D)
  2 ball pythons (D)
  A giant cockroach (D)
  A hobgoblin (D)
  2 jackals (D)
  2 frilled lizards (D)
  A kobold (D)
  A rat (D)
87 creatures vanquished.

Notes
Turn   | Place    | Note
-------+----------+-------------------------------------------
     0 | D        | Groucho the Spriggan Enchanter began the quest for the Orb.
     0 | D        | Reached XP level 1. HP: 9/9 MP: 5/5
    42 | D        | Found a bloodstained altar of Trog.
    42 | D        | Found a deep blue altar of Sif Muna.
    42 | D        | Found a viscous altar of Jiyva.
    42 | D        | Found a hazy altar of Hepliaklqana.
    42 | D        | Found an opulent altar of Gozag.
    43 | D        | Found a glowing golden altar of the Shining One.
    43 | D        | Found a glowing silver altar of Zin.
    43 | D        | Found a basalt altar of Yredelemnul.
    43 | D        | Found a shimmering altar of Xom.
    43 | D        | Found an ornate altar of the Wu Jian Council.
    43 | D        | Found a sacrificial altar of Ru.
    43 | D        | Found a stormy altar of Qazlal.
    43 | D        | Found an iron altar of Okawaru.
    43 | D        | Found a sparkling altar of Nemelex Xobeh.
    43 | D        | Found a burning altar of Makhleb.
    43 | D        | Found a blossoming altar of Fedhas.
    43 | D        | Found a white marble altar of Elyvilon.
    43 | D        | Found a shadowy altar of Dithmenos.
    43 | D        | Found a snail-covered altar of Cheibriados.
    45 | D        | Found a corrupted altar of Lugonu.
    45 | D        | Found a radiant altar of Vehumet.
    45 | D        | Found a roughly hewn altar of Beogh.
    46 | D        | Found an ancient bone altar of Kikubaaqudgha.
    46 | D        | Found a hide-covered altar of Uskayaw.
    46 | D        | Found a shattered altar of Ashenzari.
    59 | D        | Became a worshipper of the Wu Jian Council
    85 | D        | Reached XP level 2. HP: 9/13 MP: 5/7
   393 | D        | Learned a level 2 spell: Ensorcelled Hibernation
   630 | D        | Reached * piety under Wu Jian
   853 | D        | Reached skill level 5 in Hexes
   854 | D        | Noticed a fire bat
   856 | D        | Killed a fire bat
   856 | D        | Reached ** piety under Wu Jian
   856 | D        | Reached XP level 3. HP: 16/16 MP: 8/12
   856 | D        | Reached XP level 4. HP: 21/21 MP: 8/13
   856 | D        | Reached XP level 5. HP: 24/24 MP: 9/15
   869 | D        | Learned a level 3 spell: Confuse
   873 | D        | Learned a level 3 spell: Dazzling Spray
   877 | D        | Learned a level 3 spell: Tukima's Dance
  1219 | D        | Noticed a warg
  1220 | D        | Noticed a floating eye
  1274 | D        | Killed a warg
  1274 | D        | Reached skill level 5 in Dodging
  1274 | D        | Reached XP level 6. HP: 10/28 MP: 2/17
  1524 | D        | Noticed a water moccasin
  1532 | D        | Killed a water moccasin
  1532 | D        | Reached *** piety under Wu Jian
  1532 | D        | Reached skill level 6 in Dodging
  1602 | D        | Paralysed by a floating eye for 2 turns
  1608 | D        | Killed a floating eye
  1608 | D        | Reached skill level 5 in Short Blades
  1608 | D        | Reached skill level 7 in Dodging
  1617 | D        | Noticed an ice beast
  1618 | D        | Killed an ice beast
  1618 | D        | Reached **** piety under Wu Jian
  1618 | D        | Reached XP level 7. HP: 32/32 MP: 15/20
  1620 | D        | Noticed a manticore
  1625 | D        | Killed a manticore
  1625 | D        | Reached skill level 9 in Dodging
  1625 | D        | Reached skill level 10 in Spellcasting
  1625 | D        | Reached skill level 10 in Hexes
  1867 | D        | Reached XP level 8. HP: 36/36 MP: 23/23
  1888 | D        | Reached ***** piety under Wu Jian
  1888 | D        | Reached skill level 15 in Stealth
  2162 | D        | Reached skill level 10 in Dodging
  2270 | D        | Reached ****** piety under Wu Jian
  2424 | D        | Reached skill level 11 in Dodging
  2472 | D        | Noticed a komodo dragon
  2472 | D        | Noticed a red devil
  2472 | D        | Noticed a guardian mummy
  2472 | D        | Noticed a manticore
  2541 | D        | Killed a guardian mummy
  2921 | D        | Killed a red devil
  2921 | D        | Reached skill level 12 in Dodging
  2921 | D        | Reached XP level 9. HP: 15/39 MP: 11/24
  2941 | D        | Killed a manticore
  2941 | D        | Reached skill level 10 in Short Blades
  3249 | D        | Killed a komodo dragon
  3249 | D        | Reached skill level 13 in Dodging
  3257 | D        | Noticed a flayed ghost
  3259 | D        | Noticed an orc knight
  3346 | D        | Noticed a green draconian
  3346 | D        | Noticed a blizzard demon
  3346 | D        | Noticed a vault guard
  3346 | D        | Noticed a centaur warrior
  3346 | D        | Noticed a sun demon
  3346 | D        | Noticed an orb spider
  3489 | D        | Killed a flayed ghost
  3489 | D        | Reached skill level 14 in Dodging
  3562 | D        | Killed an orc knight
  3562 | D        | Reached skill level 15 in Dodging
  3562 | D        | Reached XP level 10. HP: 44/44 MP: 19/25
  3905 | D        | Reached skill level 16 in Dodging
  3914 | D        | Noticed an elephant
  3916 | D        | Noticed an orange demon
  4011 | D        | Reached skill level 17 in Dodging
  4018 | D        | Noticed a guardian serpent
  4282 | D        | Killed an elephant
  4282 | D        | Reached skill level 1 in Fighting
  4302 | D        | Noticed an eye of devastation
  4316 | D        | Killed an eye of devastation
  4316 | D        | Reached skill level 18 in Dodging
  4340 | D        | Killed a guardian serpent
  4815 | D        | Noticed an unseen horror
  4815 | D        | Noticed Menkaure
  5315 | D        | Killed Menkaure
  5433 | D        | Noticed a black mamba
  5441 | D        | Killed a black mamba
  5471 | D        | Noticed an elephant
  5479 | D        | Killed an unseen horror
  5479 | D        | Reached skill level 19 in Dodging
  5479 | D        | Reached XP level 11. HP: 53/53 MP: 20/26
  5854 | D        | Noticed a minotaur
  5866 | D        | Reached skill level 20 in Dodging
  5870 | D        | HP: 1/54 [minotaur (34)]
  5870 | D        | Slain by a minotaur

Skill      XL: |  1  2  3  4  5  6  7  8  9 10 11 |
---------------+----------------------------------+-----
Stealth        | 6 12 14 15 18 19 | 19.9
Spellcasting   | 3 6 7 9 10 | 10.0
Hexes          | 4 7 8 9 10 12 14 | 14.0
Short Blades   | 3 5 6 9 12 | 12.1
Dodging        | 5 7 9 12 15 19 20 | 20.0
Fighting       | 3 4 |  4.8

Action                   |  1- 3 |  4- 6 |  7- 9 | 10-12 || total
-------------------------+-------+-------+-------+-------++-------
Melee: Dagger            |    31 |    28 |    60 |    48 ||   167
Throw: Stone             |       |     1 |     2 |     7 ||    10
 Cast: Confuse           |       |     4 |    10 |     4 ||    18
       Ensorcelled Hiber |       |     8 |    33 |    37 ||    78
       Dazzling Spray    |       |       |     7 |     6 ||    13
Invok: Lunge             |     2 |     1 |    10 |    16 ||    29
       Whirlwind         |       |     4 |     2 |     4 ||    10
       Serpent's Lash    |       |       |       |     2 ||     2
 Abil: Wall Jump         |       |       |       |     1 ||     1
  Use: Potion            |     1 |       |     1 |       ||     2
 Stab: Sleeping          |     4 |     7 |    22 |    29 ||    62
       Confused          |       |     1 |     7 |     3 ||    11
       Invisible         |       |       |     4 |     1 ||     5
       Distracted        |       |       |       |     1 ||     1
  Eat: Ration            |       |       |     1 |     1 ||     2
Armor: Robe              |     2 |     1 |     1 |       ||     4
Dodge: Dodged            |    22 |    17 |    62 |    28 ||   129
